 Dungeon Crawl Stone Soup version 0.29.1-15-g9cfb28693d (webtiles) character file.

Game seed: 3703021260771218619

268 monsoonserge the Insei (level 6, -2/42 HPs)
             Began as a Gnoll Transmuter on Apr 25, 2023.
             Was a Believer of Hepliaklqana.
             Slain by a mummy (7 damage)
             ... on level 5 of the Dungeon.
             The game lasted 00:12:25 (2992 turns).

monsoonserge the Insei (Gnoll Transmuter)           Turns: 2992, Time: 00:12:26

Health: -2/42      AC: 11    Str: 10    XL:     6   Next: 21%
Magic:  14/14      EV:  0    Int: 14    God:    Hepliaklqana [**....]
Gold:   121        SH:  7    Dex: 12    Spells: 14/15 levels left

rFire   . . .      SeeInvis .     - Unarmed
rCold   . . .      Faith    .   E - +0 kite shield
rNeg    . . .      Spirit   .   w - +0 plate armour
rPois   .          Reflect  .   c - +1 hat
rElec   .          Harm     .   (no cloak)
rCorr   .          Rampage  .   (no gloves)
Will    .....                   (no boots)
Stlth   ..........              n - amulet of regeneration
HPRegen 0.94/turn               (no ring)
MPRegen 0.14/turn               (no ring)

@: no status effects
A: reduced essence, fangs 1, strong nose, distributed training
a: Renounce Religion, Recall Ancestor, Ancestor Identity


You were on level 5 of the Dungeon.
You worshipped Hepliaklqana.
Hepliaklqana was pleased with you.
You visited 1 branch of the dungeon, and saw 5 of its levels.

You collected 121 gold pieces.

Inventory:

Missiles
 a - 6 poisoned darts
 h - 79 stones
 v - 3 throwing nets
 y - 3 datura-tipped darts
Armour
 c - a +1 hat (worn)
 d - a +0 leather armour
 w - a +0 plate armour (worn)
 A - a +0 chain mail
 C - a +0 scale mail
 E - a +0 kite shield (worn)
Jewellery
 k - an amulet of the acrobat
 n - an amulet of regeneration (around neck)
 s - an amulet of guardian spirit
Wands
 D - a wand of mindburst (6)
Scrolls
 e - a scroll of poison {unknown}
 g - a scroll of immolation {unknown}
 p - 2 scrolls of magic mapping {unknown}
 q - 3 scrolls of teleportation {unknown}
 r - a scroll of amnesia {unknown}
 t - 6 scrolls of identify {unknown}
 u - 3 scrolls of fog {unknown}
 x - 2 scrolls of vulnerability {unknown}
 z - 2 scrolls of noise {unknown}
 B - a scroll of enchant armour {unknown}
Potions
 b - a potion of lignification
 f - 3 potions of curing {unknown}
 i - a potion of might {unknown}
 j - 2 potions of degeneration {unknown}
 l - a potion of magic {unknown}
 m - a potion of attraction {unknown}
 o - 2 potions of brilliance {unknown}


   Skills:
 + Level 3.2 Fighting
 + Level 1.9 Short Blades
 + Level 1.9 Long Blades
 + Level 1.9 Axes
 + Level 1.9 Maces & Flails
 + Level 1.9 Polearms
 + Level 1.9 Staves
 + Level 1.9 Ranged Weapons
 + Level 1.9 Throwing
 + Level 1.9 Armour
 + Level 5.0 Dodging
 + Level 1.9 Stealth
 + Level 1.9 Shields
 + Level 6.8 Unarmed Combat
 + Level 5.3 Spellcasting
 + Level 1.5 Conjurations
 + Level 1.5 Hexes
 + Level 1.5 Summonings
 + Level 1.5 Necromancy
 + Level 1.5 Translocations
 + Level 4.1 Transmutations
 + Level 1.5 Fire Magic
 + Level 1.5 Ice Magic
 + Level 1.5 Air Magic
 + Level 1.5 Earth Magic
 + Level 1.5 Poison Magic
 + Level 2.1 Invocations
 + Level 1.9 Evocations


You had 14 spell levels left.
You knew the following spells:

 Your Spells              Type           Power      Damage    Failure   Level
a - Beastly Appendage     Tmut           30%        N/A       100%        1

Your spell library contained the following spells:

 Spells                   Type           Power      Damage    Failure   Level
 Wereblood                Tmut           15%        N/A       100%        2
 Conjure Flame            Conj/Fire      8%         6-21      100%        3
 Ignite Poison            Fire/Tmut/Pois 10%        N/A       100%        3
 Spider Form              Tmut/Pois      11%        N/A       100%        3
 Ice Form                 Ice/Tmut       11%        N/A       100%        4
 Sticky Flame             Conj/Fire      8%         2d3       100%        4


Dungeon Overview and Level Annotations

Branches:
Dungeon (5/15)
 Temple: D:4-7

Altars:
Cheibriados
Hepliaklqana
Kikubaaqudgha
Trog
Xom

Shops:
D:2 *


Innate Abilities, Weirdness & Mutations

Your life essence is reduced to manifest your ancestor. (-10% HP)
You have very sharp teeth.
Your uncanny sense of smell can sniff out nearby items.
Your experience applies equally to all skills.


Message History

You have reached level 6!
Tenoch remembers more of their old skill.
You barely miss the orc priest. Your bite misses the orc priest.
The orc hits you but does no damage.
The orc priest hits you but does no damage.
Tenoch points at the orc priest and mumbles some strange words.
The stone arrow hits the orc priest!
You punch the orc priest!
You kill the orc priest!
A magic dart appears from out of thin air!
The magic dart hits you. The orc hits you but does no damage.
Your Dodging skill increases to level 5!
You hit the orc.
The orc is lightly wounded.
The orc hits you with a +0 short sword.
A magic dart appears from out of thin air!
The magic dart hits you.
Tenoch points next to the mummy and mumbles some strange words.
The stone arrow hits the orc!
The orc dies!
You hit the mummy but do no damage. Something hits you but does no damage.
Tenoch hits something with a +0 quarterstaff!
The mummy hits you!
* * * LOW HITPOINT WARNING * * *
Press: ? - help, v - describe, . - travel
Here: a mummy The floor.
You barely miss the mummy. You bite the mummy, but do no damage.
You block something's attack.
A jelly comes into view.
Tenoch misses something.
Press: ? - help, v - describe, . - travel
Here: a mummy The floor.
You punch the mummy!
The mummy is heavily damaged.
Something hits you but does no damage. Tenoch casts a spell next to you.
The puff of frost hits something.
The mummy hits you!
You die...

............
......_.... .J........
........ #.....#
#.....# .###...{M###..
......)@R..#.#
###...>..#.#.#
#...)..#.#.#######
#.....$#........<#####
#........#.###.......#
#.....##.#.###........
####...#..............
###+###............
.........####P.....


You could see the friendly Tenoch the battlemage, a mummy and a jelly.

Vanquished Creatures
  A hound (D:4)
  An orc priest (D:5)
  Robin (D:3)
  2 adders
  2 worms
  A dart slug (D:2)
  2 orcs (D:5)
  3 bats
  9 endoplasms
  3 giant cockroaches
  11 goblins
  9 hobgoblins
  4 kobolds
  A quokka (D:3)
  2 ball pythons (D:1)
  A frilled lizard (D:1)
  11 rats
64 creatures vanquished.

Vanquished Creatures (collateral kills)
  2 jellies
  An iguana (D:4)
  2 orcs (D:5)
  7 goblins
  4 hobgoblins
  A kobold (D:4)
17 creatures vanquished.

Vanquished Creatures (others)
  An ancestor (D:3)
1 creature vanquished.

Grand Total: 82 creatures vanquished

Notes
Turn   | Place    | Note
-------+----------+-------------------------------------------
     0 | D:1      | monsoonserge the Gnoll Transmuter began the quest for the
                  | Orb.
     0 | D:1      | Reached XP level 1. HP: 17/17 MP: 6/6
     4 | D:1      | Noticed a troll
     4 | D:1      | Noticed a naga
     6 | D:1      | Noticed a vine stalker
     6 | D:1      | Noticed a demonspawn
     8 | D:1      | Noticed a vampire
     8 | D:1      | Noticed a meteoran
    10 | D:1      | Noticed a minotaur
    10 | D:1      | Noticed a spriggan
    12 | D:1      | Noticed a felid
    12 | D:1      | Noticed a gargoyle
    14 | D:1      | Noticed a formicid
    14 | D:1      | Noticed an elf
    16 | D:1      | Noticed a ghoul
    18 | D:1      | Noticed a merfolk
    18 | D:1      | Noticed a tengu
    20 | D:1      | Noticed a human
    20 | D:1      | Noticed a draconian
    22 | D:1      | Noticed an octopode
    22 | D:1      | Noticed a palentonga
    24 | D:1      | Noticed a demigod
    24 | D:1      | Noticed a demonspawn
    26 | D:1      | Noticed a ghoul
    26 | D:1      | Noticed an elf
   309 | D:1      | Reached XP level 2. HP: 23/23 MP: 5/7
   718 | D:2      | Found a shimmering altar of Xom.
   908 | D:2      | Reached skill level 5 in Spellcasting
   908 | D:2      | Reached XP level 3. HP: 19/28 MP: 6/9
   916 | D:2      | Reached skill level 1 in Invocations
  1186 | D:2      | Reached skill level 1 in Short Blades
  1186 | D:2      | Reached skill level 1 in Long Blades
  1186 | D:2      | Reached skill level 1 in Axes
  1186 | D:2      | Reached skill level 1 in Maces & Flails
  1186 | D:2      | Reached skill level 1 in Polearms
  1186 | D:2      | Reached skill level 1 in Staves
  1186 | D:2      | Reached skill level 1 in Ranged Weapons
  1186 | D:2      | Reached skill level 1 in Throwing
  1186 | D:2      | Reached skill level 1 in Armour
  1186 | D:2      | Reached skill level 1 in Stealth
  1186 | D:2      | Reached skill level 1 in Shields
  1186 | D:2      | Reached skill level 1 in Evocations
  1246 | D:2      | Found Baif's Assorted Antiques.
  1416 | D:2      | Found a faded altar of an unknown god.
  1419 | D:2      | Prayed at the altar of an unknown god.
  1419 | D:2      | Became a worshipper of Hepliaklqana the Forgotten
  1419 | D:2      | Reached * piety under Hepliaklqana
  1744 | D:3      | Reached XP level 4. HP: 30/30 MP: 11/11
  1940 | D:3      | Found a bloodstained altar of Trog.
  1950 | D:3      | Reached skill level 1 in Conjurations
  1950 | D:3      | Reached skill level 1 in Hexes
  1950 | D:3      | Reached skill level 1 in Summonings
  1950 | D:3      | Reached skill level 1 in Necromancy
  1950 | D:3      | Reached skill level 1 in Translocations
  1950 | D:3      | Reached skill level 1 in Fire Magic
  1950 | D:3      | Reached skill level 1 in Ice Magic
  1950 | D:3      | Reached skill level 1 in Air Magic
  1950 | D:3      | Reached skill level 1 in Earth Magic
  1950 | D:3      | Reached skill level 1 in Poison Magic
  2078 | D:3      | Noticed Robin
  2104 | D:3      | Killed Robin
  2547 | D:4      | Reached XP level 5. HP: 36/36 MP: 12/12
  2613 | D:4      | Reached ** piety under Hepliaklqana
  2614 | D:4      | Remembered your ancestor Tenoch as a battlemage
  2718 | D:4      | Found an ancient bone altar of Kikubaaqudgha.
  2954 | D:5      | Entered Level 5 of the Dungeon
  2982 | D:5      | Found a snail-covered altar of Cheibriados.
  2986 | D:5      | Reached XP level 6. HP: 16/42 MP: 14/14
  2988 | D:5      | Reached skill level 5 in Dodging
  2992 | D:5      | Slain by a mummy

Illustrated notes

Levels and vault maps discovered:
D:1:      kb_arrival_jail, layout_rooms
D:2:      layout_basic, hellmonk_ecumenical_altar_inner_sanctum, basic_altar,
          serial_shops, shop, minmay_rat_gold_closets
D:3:      layout_loops_cross, trog_hazing_becter, uniq_robin
D:4:      layout_basic, kiku_gazebo_garden_becter, feat_on_display
D:5:      layout_basic, slow_altar_1, gammafunk_ghost_arena, corexii_shack

Skill      XL: |  1  2  3  4  5  6 |
---------------+-------------------+-----
Spellcasting   | 5 |  5.3
Invocations    | 1 2 |  2.1
Short Blades   | 1 |  1.9
Long Blades    | 1 |  1.9
Axes           | 1 |  1.9
Maces & Flails | 1 |  1.9
Polearms       | 1 |  1.9
Staves         | 1 |  1.9
Ranged Weapons | 1 |  1.9
Throwing       | 1 |  1.9
Armour         | 1 |  1.9
Stealth        | 1 |  1.9
Shields        | 1 |  1.9
Evocations     | 1 |  1.9
Conjurations   | 1 |  1.5
Hexes          | 1 |  1.5
Summonings     | 1 |  1.5
Necromancy     | 1 |  1.5
Translocations | 1 |  1.5
Fire Magic     | 1 |  1.5
Ice Magic      | 1 |  1.5
Air Magic      | 1 |  1.5
Earth Magic    | 1 |  1.5
Poison Magic   | 1 |  1.5
Fighting       | 3 |  3.2
Transmutations | 4 |  4.1
Dodging        | 5 |  5.0
Unarmed Combat | |  6.8

Action                   |  1- 3 |  4- 6 || total
-------------------------+-------+-------++-------
Melee: Unarmed           |    94 |    83 ||   177
       Kick              |    13 |       ||    13
       Headbutt          |     6 |       ||     6
       Bite              |     9 |     6 ||    15
       Punch             |     4 |     2 ||     6
 Cast: Beastly Appendage |    17 |       ||    17
Invok: Ancestor Identity |     1 |       ||     1
       Ancestor Life: Ba |       |     1 ||     1
 Stab: Sleeping          |     7 |       ||     7
       Distracted        |       |     1 ||     1
Armor: Leather armour    |    14 |       ||    14
       Plate armour      |       |    57 ||    57
Dodge: Dodged            |    41 |     5 ||    46
Block: Kite shield       |       |     3 ||     3
